[Event "Early-Titled-Tuesday-Blitz-April-23-2024"]
[Site "Chess.com"]
[Date "2024.04.23"]
[Round "8"]
[White "zurzan"]
[Black "SaiAgni_98"]
[Result "1/2-1/2"]
[WhiteElo "2141"]
[BlackElo "2460"]
[TimeControl "180+1"]
[EndTime "9:32:52 PDT"]
[Termination "Game drawn by repetition"]

1. c4 c5 2. g3 Nc6 3. Bg2 g6 4. Nf3 Bg7 5. Nc3 e5 6. d3 Nge7 7. O-O d6 8. h3 h6 9. e4 O-O 10.
Rb1 Be6 11. a3 a5 12. Nd5 Kh7 13. Bd2 f5 14. Qc1 fxe4 15. dxe4 Rxf3 16. Bxf3 Nd4 17. Qd1 Bxh3 18. Re1 Nec6 19. Bg2 Be6 20. Ne3 Qd7 21. b4 axb4 22. axb4 Rf8 23. bxc5 dxc5 24. Bc3 h5 25. Bxd4 Nxd4 26. Nd5 Bg4 27. Qd3 Nf3+ 28. Kf1 Nxe1 29. Rxe1 Qf7 30. Qc2 Bf3 31. Ne3 Bh6 32.
Bxf3 Qxf3 33. Kg1 Bxe3 34. Rxe3 Qf7 35. Qd2 Qe6 36. Rd3 Rf7 37. Rd5 b6 38. Rd6 Qxc4 39.
Rxb6 Qxe4 40. Rd6 c4 41. Rd7 Rxd7 42. Qxd7+ Kh6 43. Qe8 Qb1+ 44. Kh2 Kg7 45. Qe7+ Kg8 46. Qe8+ Kh7 47. Qf7+ Kh8 48. Qf8+ Kh7 49. Qf7+ Kh8 50.
Qf8+ Kh7 51. Qf7+ 1/2-1/2

[Event "Early-Titled-Tuesday-Blitz-April-23-2024"]
[Site "Chess.com"]
[Date "2024.04.23"]
[Round "8"]
[White "waltereador"]
[Black "FischerKasparow"]
[Result "0-1"]
[WhiteElo "2310"]
[BlackElo "2124"]
[TimeControl "180+1"]
[EndTime "9:32:52 PDT"]
[Termination "FischerKasparow won by resignation"]

1. e4 c5 2. b4 cxb4 3. a3 bxa3 4. Bxa3 g6 5. d4 Bg7 6. Nf3 d6 7. Bc4 Nf6 8. Nc3 O-O 9. h3 Nxe4 10. Nxe4 d5 11. Bd3 dxe4 12. Bxe4 Qa5+ 13. Kf1 Qc7 14. g3 Rd8 15. Kg2 Nc6 16. c3 e6 17. h4 h5 18. Qe2 e5 19. Bxc6 Qxc6 20. dxe5 Bg4 21. Rhe1 Qxc3 22. Bd6 a5 23. Qe3 Bxf3+ 24. Qxf3 Qxf3+ 25. Kxf3 b5 26. Reb1 b4 27. Ra4 Bf8 28. Ke4 Bxd6 29.
exd6 Rxd6 30. Kf3 Rd3+ 31. Kg2 b3 32. Rba1 b2 33. Rb1 Rb3 34. Ra2 a4 35. Raxb2 Rxb2 36. Rxb2 a3 37. Ra2 Kg7 38. Kf3 Kf6 39. Kf4 Ke6 40.
Ke4 Kd6 41. Kd4 Ra4+ 42. Kc3 Kc5 43. Kb3 Ra8 44. Kc3 Kd5 45. Kd3 Ke5 46. Ke3 Ra4 47. f3 Kd5 48. Kd3 Ra8 49. Kc3 Ke5 50.
Kd3 Kf5 51. Ke3 Ra4 52. Kd3 g5 53. hxg5 Kxg5 54. Ke3 h4 55. gxh4+ Kxh4 56. Kf2 f5 57. Kg2 f4 58. Kf2 Kh3 59. Ra1 Kh2 60. Ra2 Kh3 61. Ra1 Kh4 62. Rh1+ Kg5 63. Ra1 a2 64. Ke2 Kh4 65.
Kf2 Ra3 66. Rh1+ Kg5 67. Ra1 Kf5 68. Ke2 Ke5 69. Kf2 Kd4 70. Ke2 Kc3 71. Rc1+ Kb2 72.
Rd1 a1=Q 73. Rxa1 Kxa1 74. Kd2 Rxf3 75. Ke2 Rh3 0-1

[Event "Early-Titled-Tuesday-Blitz-April-23-2024"]
[Site "Chess.com"]
[Date "2024.04.23"]
[Round "8"]
[White "jinxy2009"]
[Black "GlennTipton"]
[Result "0-1"]
[WhiteElo "2314"]
[BlackElo "2500"]
[TimeControl "180+1"]
[EndTime "9:32:53 PDT"]
[Termination "GlennTipton won on time"]

1. e4 c5 2. Nf3 d6 3. d4 cxd4 4. Nxd4 Nf6 5. Nc3 g6 6. Be3 Bg7 7. f3 Nc6 8. Qd2 O-O 9. Bc4 Bd7 10. O-O-O Rc8 11. Bb3 Ne5 12. Kb1 b5 13. Ndxb5 Qa5 14. Nd4 Qa6 15. h4 h5 16. g4 Rxc3 17. Qxc3 hxg4 18.
Qd2 Nc4 19. Bxc4 Qxc4 20. h5 Nxh5 21. Bh6 Bxd4 22. Bxf8 Kxf8 23. Qxd4 Qxd4 24. Rxd4 gxf3 25. Rf1 Bg4 26. Rd3 Nf6 27. Rfxf3 Bxf3 28. Rxf3 Nxe4 29. Ra3 g5 30. Rxa7 g4 31. Ra4 f5 32. Rd4 g3 33.
Rd1 f4 34. a4 f3 35. a5 f2 36. a6 g2 37. a7 f1=Q 38. a8=Q+ Kg7 39. Rxf1 gxf1=Q+ 40. Ka2 Qc4+ 41. Kb1 Nd2+ 42. Kc1 Nb3+ 43. Kb1 Nd4 44.
Qe4 Qf1+ 45. Ka2 Qa6+ 46. Kb1 Qf1+ 47. Ka2 Qf6 48. Qg4+ Kf7 49. Qh5+ Kf8 50. Qd1 Qe6+ 51. b3 Qe4 52. Qf1+ Ke8 53. Qb5+ Nxb5 0-1

[Event "Early-Titled-Tuesday-Blitz-April-23-2024"]
[Site "Chess.com"]
[Date "2024.04.23"]
[Round "8"]
[White "StelaSfw"]
[Black "SmirnovTimofey2000"]
[Result "0-1"]
[WhiteElo "1662"]
[BlackElo "1989"]
[TimeControl "180+1"]
[EndTime "9:32:55 PDT"]
[Termination "SmirnovTimofey2000 won by checkmate"]

1. Nf3 d5 2. g3 Bf5 3. Bg2 e6 4. O-O Nf6 5. b3 h6 6. Bb2 Be7 7. d3 O-O 8. Re1 c6 9. Nbd2 a5 10. e4 Bh7 11. e5 Nfd7 12. d4 c5 13. dxc5 Nxc5 14. Rc1 Nc6 15. Qe2 Nb4 16. Qb5 Nxc2 17. Re2 Bd3 18. Nc4 Bxe2 19. Rxc2 Bxf3 20. Bxf3 dxc4 21.
Qxc4 Rc8 22. Ba3 b6 23. Qb5 Qd7 24. Qe2 Qd3 25. Kg2 Qxe2 26. Bxe2 Rfd8 27. Kf1 Rd7 28.
f4 Rcd8 29. Ke1 Rc8 30. Bb5 Rdc7 31. Bxc5 Rxc5 32. Rxc5 Rxc5 33. Bc4 b5 34. Bd3 a4 35.
Kd2 axb3 36. axb3 Rd5 37. Kc3 b4+ 38. Kc4 Rd8 39. Be4 Rc8+ 40. Kd3 Rc3+ 41. Kd2 Rxb3 42. Bc2 Rb2 43. Kc1 Ra2 44. Kb1 Rxc2 45. Kxc2 f6 46. Kb3 fxe5 47. fxe5 Kf8 48. h3 g5 49. g4 Ke8 50. Kc4 Kd7 51. Kb3 Kc6 52. Kc4 Kb6 53. Kb3 Kb5 54. Kc2 Kc4 55. Kb2 b3 56. Kb1 Kc3 57. Kc1 Ba3+ 58. Kb1 Bc5 59. h4 gxh4 60.
g5 hxg5 61. Ka1 h3 62. Kb1 h2 63. Kc1 h1=Q# 0-1

[Event "Early-Titled-Tuesday-Blitz-April-23-2024"]
[Site "Chess.com"]
[Date "2024.04.23"]
[Round "8"]
[White "Zhigalko_Sergei"]
[Black "Evgeny81"]
[Result "1-0"]
[WhiteElo "2936"]
[BlackElo "2785"]
[TimeControl "180+1"]
[EndTime "9:32:56 PDT"]
[Termination "Zhigalko_Sergei won on time"]

1. e4 e5 2. Nf3 Nc6 3. Bc4 Nf6 4. d3 Be7 5. O-O d6 6. c3 O-O 7.
Nbd2 Na5 8. Bb5 a6 9. Ba4 b5 10.
Bc2 c5 11. Re1 Nc6 12. Nf1 Re8 13. h3 Bf8 14. Bg5 g6 15. Ne3 Bg7 16. Bb3 h6 17.
Bxf6 Bxf6 18. a4 Rb8 19. axb5 axb5 20. Qd2 Bg7 21. Ra2 b4 22. Bd5 Bd7 23. Rea1 Rf8 24. Ra6 Qc7 25. Bc4 Kh7 26. Nd5 Qd8 27. Qd1 bxc3 28.
bxc3 Be8 29. R1a2 Ne7 30. Nxe7 Qxe7 31. Nd2 f5 32. Bd5 Qf6 33. Nc4 Rd8 34. Ra7 Rd7 35.
Qe2 fxe4 36. dxe4 Rxa7 37. Rxa7 Bb5 38. Qd2 Rb8 39. Nxd6 Be8 40. Qd1 Rd8 41. Nxe8 Rxe8 42. Qe2 Rf8 43. Rb7 h5 44. g3 Kh8 45. h4 Bh6 46. Kg2 Bg7 47. Rc7 Kh7 48. Rxc5 Qe7 49. Rc6 Rf6 50. Rc8 Qa7 51. Ra8 Qb6 52. Ra2 Rf8 53.
Qb2 Qc5 54. Qd2 Qe7 55. Ra6 1-0

[Event "Early-Titled-Tuesday-Blitz-April-23-2024"]
[Site "Chess.com"]
[Date "2024.04.23"]
[Round "8"]
[White "Brave_spirit12"]
[Black "Journey_to_GrandMaster_YT"]
[Result "1-0"]
[WhiteElo "2723"]
[BlackElo "2550"]
[TimeControl "180+1"]
[EndTime "9:32:56 PDT"]
[Termination "Brave_spirit12 won by resignation"]

1. e4 d6 2. d4 Nf6 3. Nc3 e5 4. Nf3 Nbd7 5. Bc4 Be7 6. a4 O-O 7. O-O c6 8. Qe2 a5 9. Rd1 Qc7 10. Bg5 Re8 11. Bb3 Nf8 12. h3 h6 13. Bxf6 Bxf6 14. dxe5 dxe5 15. Qe3 Be6 16. Ne2 Rad8 17. Ng3 Bxb3 18. Qxb3 g6 19. Ne2 Ne6 20. Qc4 Qb6 21.
b3 Qc5 22. Qxc5 Nxc5 23. Nc3 Kf8 24. Kf1 Ke7 25. Ke2 Ke6 26. Nd2 Rd4 27. f3 Red8 28. Nc4 Rxd1 29. Rxd1 Rxd1 30. Nxd1 Bd8 31. Nf2 b5 32.
Nb2 Nb7 33. Nfd3 Bb6 34. axb5 cxb5 35. c4 bxc4 36. Nxc4 Bc7 37. g4 f5 38. gxf5+ gxf5 39. Ne3 fxe4 40. fxe4 Nd6 41. Kf3 Bb6 42. Ng4 Nf7 43. h4 h5 44. Nh2 Nh8 45. Ke2 Ng6 46. Nf3 Kd6 47. Nb2 Bd8 48. Nc4+ Ke6 49. Kd3 Nxh4 50. Nxh4 Bxh4 51. Nxa5 Be1 52. Nc4 h4 53. Ke2 h3 54. Kf3 h2 55. Kg2 Bg3 56. Ne3 Kd6 57. Nf5+ Kc5 58. Nxg3 Kb4 59. Kxh2 Kxb3 60. Kh3 Kc4 61. Kg4 Kc5 62. Kf5 Kd6 63. Kf6 Kd7 64. Kxe5 Ke7 65. Kf5 Kf7 66. e5 Ke7 67. e6 Ke8 68.
Kf6 Kf8 69. e7+ Ke8 70. Nh1 Kd7 71. Kf7 1-0

[Event "Early-Titled-Tuesday-Blitz-April-23-2024"]
[Site "Chess.com"]
[Date "2024.04.23"]
[Round "8"]
[White "Larkin-Vladislav"]
[Black "jeetjain"]
[Result "1-0"]
[WhiteElo "2869"]
[BlackElo "2609"]
[TimeControl "180+1"]
[EndTime "9:32:57 PDT"]
[Termination "Larkin-Vladislav won on time"]

1. e4 c6 2. d4 g6 3. Nf3 d5 4. Nbd2 Bg7 5. c3 dxe4 6. Nxe4 Nd7 7. Bc4 e6 8. Nd6+ Ke7 9. Ne4 Ngf6 10. Nxf6 Nxf6 11.
h4 h6 12. a4 Re8 13. a5 Kf8 14. Ne5 Nd5 15. Qf3 Qf6 16. Qg3 Kg8 17. Bd3 Qd8 18.
Nxf7 Kxf7 19. Qxg6+ Kf8 20. Bxh6 Qf6 21. Bxg7+ Qxg7 22. Qe4 e5 23. O-O-O exd4 24. Qf3+ Qf6 25. Qxf6+ Nxf6 26. cxd4 Be6 27. f3 Rad8 28. Bg6 Re7 29. h5 Kg7 30. Bc2 Red7 31. g4 Rxd4 32. h6+ Kh8 33.
Rxd4 Rxd4 34. g5 Ne8 35. g6 Rf4 36. g7+ Nxg7 37. hxg7+ Kxg7 38. Rh7+ Kf6 39. Rxb7 a6 40. Be4 Bd5 41. Rb6 Ke5 42. Rxa6 Bxe4 43. fxe4 Kd6 44. e5+ Kd5 45. Rb6 Re4 46. b4 Rxe5 47. Kc2 Re7 48. Rb8 Ra7 49. Kc3 c5 50. Rd8+ Ke6 51. b5 Rxa5 52. Kc4 Ke7 53. Rd1 1-0

[Event "Early-Titled-Tuesday-Blitz-April-23-2024"]
[Site "Chess.com"]
[Date "2024.04.23"]
[Round "8"]
[White "GMAkobianSTL"]
[Black "GM_dmitrij"]
[Result "0-1"]
[WhiteElo "2810"]
[BlackElo "3001"]
[TimeControl "180+1"]
[EndTime "9:32:58 PDT"]
[Termination "GM_dmitrij won on time"]

1. d4 Nf6 2. c4 e6 3. Nf3 Bb4+ 4. Nbd2 d5 5. a3 Be7 6. e3 O-O 7. b4 a5 8. b5 c5 9. bxc6 bxc6 10. c5 Nbd7 11. Bb2 Qc7 12. h3 Qa7 13. Bc3 Ba6 14.
Bxa6 Qxa6 15. Qe2 Qa7 16. O-O Bd8 17. a4 Bc7 18. Rfb1 Rab8 19. Qd3 h6 20. Rxb8 Rxb8 21. Rb1 Rb7 22. Rxb7 Qxb7 23. Qb1 Qa6 24. Qf1 Qb7 25.
Qd3 Nf8 26. Kf1 Ng6 27. Ke1 Nd7 28. h4 Nf6 29. g3 Qc8 30. Ke2 Nf8 31. Nb3 Qa8 32.
Nfd2 Ng6 33. Qc2 Qa6+ 34. Qd3 Qa8 35. Kf1 e5 36. dxe5 Nxe5 37. Qf5 Nfd7 38. h5 Qe8 39. Kg2 Qe7 40. Bd4 Qe8 41. Nf3 Nxf3 42. Kxf3 Nf8 43.
Kg2 Ne6 44. Qg4 Qb8 45. Nd2 Be5 46. Nf3 Bxd4 47. exd4 Qb1 48. Qh4 Kh7 49. Qg4 Qd3 50.
Kg1 Qd1+ 51. Kg2 Qd3 52. Kg1 Qc2 53. Kg2 Qxa4 54. Qf5+ Kg8 55. Ne5 Ng5 56. Qc8+ Kh7 57. Qf5+ Kg8 58. Qc8+ Kh7 59. Qxc6 Qxd4 60. Qe8 Qe4+ 0-1

[Event "Early-Titled-Tuesday-Blitz-April-23-2024"]
[Site "Chess.com"]
[Date "2024.04.23"]
[Round "8"]
[White "WindWhistler11"]
[Black "GeorgiosSouleidis"]
[Result "1-0"]
[WhiteElo "2538"]
[BlackElo "2643"]
[TimeControl "180+1"]
[EndTime "9:32:58 PDT"]
[Termination "WindWhistler11 won by resignation"]

1. Nf3 Nf6 2. g3 g6 3. Bg2 Bg7 4. b4 d5 5. Bb2 O-O 6. O-O Re8 7. d3 Nbd7 8. Nfd2 e5 9. c4 c6 10. a4 a6 11. cxd5 cxd5 12. Nc3 Nf8 13. e4 Be6 14.
Nb3 dxe4 15. Nxe4 Nxe4 16. Bxe4 Bd5 17. Nc5 Rb8 18. a5 Ne6 19. Rc1 Qd6 20. Qf3 Ng5 21.
Qg2 Nxe4 22. dxe4 Bc6 23. Rfd1 Qe7 24. Nxa6 bxa6 25. Rxc6 Qxb4 26. Bc3 Qb3 27. Qf3 Rec8 28. Rdd6 Bf8 29. Rf6 Rxc6 30. Rxc6 Bb4 31. Kg2 Bxc3 32. Rxc3 Qb5 33. Rc7 Rf8 34. Qc3 Qe2 35. Qxe5 Rd8 36.
Re7 Rf8 37. Re8 Rxe8 38. Qxe8+ Kg7 39. Qe5+ Kg8 40. Qd4 h5 41. h4 Kh7 42. Qd5 Kg8 43. e5 Kg7 44. Qd4 Kh7 45. Qf4 Kg8 46. Qd4 Qb5 47.
Qd8+ Kh7 48. Qf6 Kg8 49. e6 fxe6 50. Qxg6+ Kf8 51. Qf6+ Kg8 52. Qxe6+ Kg7 53. Qe7+ Kg6 54. Qg5+ Qxg5 55. hxg5 Kxg5 56. Kh3 Kf5 57. Kh4 Kg6 58.
f4 Kh6 59. f5 1-0

[Event "Early-Titled-Tuesday-Blitz-April-23-2024"]
[Site "Chess.com"]
[Date "2024.04.23"]
[Round "8"]
[White "profedechess93"]
[Black "noblerone"]
[Result "1-0"]
[WhiteElo "2678"]
[BlackElo "2525"]
[TimeControl "180+1"]
[EndTime "9:33:01 PDT"]
[Termination "profedechess93 won by resignation"]

1. e4 c5 2. Nf3 e6 3. d4 cxd4 4. Nxd4 Qb6 5. Nb3 Qc7 6. Nc3 a6 7. Bd3 b5 8. O-O Bb7 9. f4 Nf6 10. Qe2 h5 11. e5 b4 12. Ne4 Nxe4 13. Bxe4 Bxe4 14. Qxe4 Nc6 15. Be3 Rc8 16. Rad1 g6 17. Nc5 Bxc5 18. Bxc5 Ne7 19. Bxe7 Kxe7 20. Qxb4+ Qc5+ 21. Qxc5+ Rxc5 22. Rf2 Rb8 23. c3 a5 24. Rfd2 Rb7 25.
Kf2 Rc4 26. g3 Rc5 27. Kf3 Rc4 28. Ke3 Rc5 29. Kd3 Rd5+ 30. Kc2 Rc5 31. Rd4 Rcb5 32. b3 Rc5 33. R1d2 Rbc7 34. c4 Rb7 35. Kc3 Rc6 36. a3 Rcb6 37. Rb2 Rc6 38. b4 axb4+ 39. axb4 Ra6 40. b5 Ra3+ 41. Rb3 Ra2 42. Rd2 Ra1 43. Kb4 Rc1 44. Rbd3 Rb1+ 45. Rb3 Rc1 46. Rdd3 Rc2 47. c5 Rxh2 48. b6 Rc2 49. Kb5 Ra2 50. c6 dxc6+ 51.
Kxc6 Rb8 52. Kc7 Raa8 53. b7 Rxb7+ 54. Kxb7 Re8 55. Kc7 1-0

[Event "Early-Titled-Tuesday-Blitz-April-23-2024"]
[Site "Chess.com"]
[Date "2024.04.23"]
[Round "8"]
[White "Storne89"]
[Black "koncheto"]
[Result "0-1"]
[WhiteElo "2734"]
[BlackElo "2635"]
[TimeControl "180+1"]
[EndTime "9:33:02 PDT"]
[Termination "koncheto won by checkmate"]

1. d4 Nf6 2. Nf3 e6 3. Bg5 c5 4. d5 exd5 5. Nc3 Be7 6. Nxd5 Nxd5 7. Qxd5 O-O 8. h4 Nc6 9. O-O-O Re8 10. a3 Qa5 11.
Bxe7 Rxe7 12. e3 h6 13. Bd3 d6 14. Qxd6 Be6 15. Be4 Rd8 16. Qf4 Rc8 17. g4 b5 18.
g5 b4 19. Bxc6 Rxc6 20. Ne5 bxa3 21. Nxc6 axb2+ 22. Kxb2 Qb5+ 23. Kc1 Qxc6 24. gxh6 Rb7 25. Qe5 f6 26. Qc3 Qb5 27. Rhg1 Qb1+ 28. Kd2 Rd7+ 29. Ke2 Bg4+ 30. f3 Bxf3+ 31. Kxf3 Rxd1 32. Rxg7+ Kh8 33. Rg2 Rf1+ 34. Ke4 Qb7+ 35. Kd3 Qxg2 36. Qxc5 Rd1+ 37. Kc3 Qg6 38. h5 Qf7 39. Qc8+ Kh7 40. Qf5+ Kxh6 41. Qf4+ Kh7 42. Qf5+ Kg8 43. Qg4+ Kf8 44. Qxd1 Qc7+ 45. Kb2 Qe5+ 46. Kc1 Qxe3+ 47. Kb1 Qb6+ 48. Kc1 Kg7 49. Qg4+ Kf7 50. Qg6+ Ke6 51. h6 Qe3+ 52. Kd1 Qd4+ 53.
Ke2 Qe5+ 54. Kd3 Qd5+ 55. Kc3 Qc5+ 56. Kd2 Qd4+ 57. Ke2 Qe5+ 58. Kf3 Qd5+ 59. Kg3 Qe5+ 60. Kh4 Qh2+ 61. Kg4 Qg2+ 62. Kh5 Qh3# 0-1

[Event "Early-Titled-Tuesday-Blitz-April-23-2024"]
[Site "Chess.com"]
[Date "2024.04.23"]
[Round "8"]
[White "Zavgorodniy_Sergiy"]
[Black "Raskolnikov6"]
[Result "1-0"]
[WhiteElo "2589"]
[BlackElo "2389"]
[TimeControl "180+1"]
[EndTime "9:33:05 PDT"]
[Termination "Zavgorodniy_Sergiy won by checkmate"]

1. d4 d5 2. Nc3 Nf6 3. Bf4 c5 4. e3 cxd4 5. exd4 a6 6. Nf3 Nc6 7. h3 Bf5 8. Be2 h6 9. O-O e6 10. Re1 Bd6 11. Bxd6 Qxd6 12. Bd3 Bxd3 13. Qxd3 O-O 14. a3 Rac8 15. Ne2 Ne4 16. c3 b5 17. Nc1 Na5 18. Qe2 Nc4 19. Nd3 Rfe8 20. Rad1 f6 21. Nh2 a5 22. Qh5 Re7 23. Re2 Rd8 24. Nf1 Ng5 25. Rde1 Rde8 26. h4 Nf7 27. Ng3 Qc7 28.
Qg4 f5 29. Qf4 Qxf4 30. Nxf4 Nd8 31. Ng6 Rd7 32. Nxf5 Nc6 33. Rxe6 Rxe6 34. Rxe6 Nd8 35. Ra6 Nxb2 36. h5 Nc4 37. Ne3 Nxa3 38. Rxa5 Nc4 39. Rxb5 Kf7 40. Rxd5 Rxd5 41. Nxd5 Ne6 42. Ne3 Nd2 43. g4 Ne4 44. d5 N6c5 45. c4 Kf6 46.
Kg2 Kg5 47. f3 Nd2 48. Nf1 Nxc4 49. Ng3 Kf6 50. Ne4+ Nxe4 51. fxe4 Kg5 52. Kf3 Nd2+ 53. Ke3 Nc4+ 54. Kd4 Nd6 55. e5 Nb5+ 56. Kc5 Nc7 57. d6 Ne6+ 58. Kd5 Nf4+ 59. Ke4 Kxg4 60. Nxf4 g5 61. d7 gxf4 62. d8=Q f3 63. Qg8+ Kxh5 64. Kxf3 Kh4 65. Qg4# 1-0

[Event "Early-Titled-Tuesday-Blitz-April-23-2024"]
[Site "Chess.com"]
[Date "2024.04.23"]
[Round "8"]
[White "Slovineanu"]
[Black "levallem"]
[Result "1-0"]
[WhiteElo "2501"]
[BlackElo "2326"]
[TimeControl "180+1"]
[EndTime "9:33:07 PDT"]
[Termination "Slovineanu won by resignation"]

1. d4 d5 2. Nf3 Nf6 3. c4 e6 4. e3 Be7 5. b3 O-O 6. Bd3 b6 7. O-O Bb7 8. Bb2 Nbd7 9. Nc3 Rc8 10. Qe2 c5 11. Rad1 dxc4 12. bxc4 cxd4 13. exd4 Re8 14. Ne5 Nf8 15. Bc2 N6d7 16. f4 Bf6 17. g4 Ba6 18. Bd3 Qc7 19. Ne4 Be7 20. Rc1 f6 21. Nxd7 Qxd7 22. Ng3 Bb7 23. f5 Bd6 24. Qf2 e5 25. Ne4 exd4 26. Nxd6 Qxd6 27. Qxd4 Qc6 28. Qd5+ Qxd5 29.
cxd5 Bxd5 30. Bb5 Red8 31. a4 Bf7 32. Rxc8 Rxc8 33. Rc1 Rxc1+ 34. Bxc1 g6 35. Bf4 h5 36. Bb8 hxg4 37. Bxa7 gxf5 38. Bxb6 Bd5 39. a5 f4 40. a6 g3 41. hxg3 fxg3 42. Bc7 f5 43. Bxg3 Ne6 44. a7 f4 45. Bf2 Kf7 46. Kf1 Kf6 47. Ke2 Kf5 48. Bd7 Ke5 49. Kd2 Nc7 50.
Kc3 Ke4 51. Kb4 Kf3 52. Bb6 Na8 53. Bd8 Ke2 54. Kc5 Bb7 55. Bc6 Bxc6 56. Kxc6 f3 57. Bh4 f2 58. Bxf2 Kxf2 59. Kb7 Nb6 60. Kxb6 Ke3 61.
a8=Q Kd4 62. Qd8+ Kc4 63. Qd6 Kc3 64. Qd5 Kc2 65. Qd4 Kc1 66. Qf2 Kb1 67. Kb5 1-0

[Event "Early-Titled-Tuesday-Blitz-April-23-2024"]
[Site "Chess.com"]
[Date "2024.04.23"]
[Round "8"]
[White "Binary010"]
[Black "littlepinkyboy"]
[Result "1/2-1/2"]
[WhiteElo "2851"]
[BlackElo "2685"]
[TimeControl "180+1"]
[EndTime "9:33:08 PDT"]
[Termination "Game drawn by stalemate"]

1. e4 c5 2. Nf3 d6 3. d4 cxd4 4. Nxd4 Nf6 5. Nc3 a6 6. Rg1 e5 7.
Nb3 b5 8. a4 b4 9. Nd5 Bb7 10.
Bg5 Nbd7 11. Bc4 Rc8 12. Qd3 Be7 13. Nxe7 Bxe4 14. Nxc8 Bxd3 15. Nxd6+ Ke7 16. Nxf7 Qc7 17.
cxd3 Rf8 18. Rc1 Nb6 19. Bd2 Nxc4 20. Rxc4 Qb8 21. Ng5 Nd5 22. Ne4 Qb6 23. Rc5 Rd8 24. Na5 Ke8 25. Nc4 Qb8 26. g3 Rd7 27. Ke2 h6 28.
Rc1 Kf7 29. Ne3 Nxe3 30. Bxe3 Qd8 31. Rd1 Qe7 32. b3 Qe6 33. Rc4 a5 34. Nc5 Qd5 35.
Nxd7 Qxd7 36. Rdc1 Qd5 37. f3 Kg6 38. h4 Kh7 39.
Rb1 Qe6 40. Re4 Qh3 41. Bf2 Qe6 42. Kd2 Qc6 43. Rc1 Qd5 44. Rcc4 Qf7 45. Ke2 Qd5 46. Be3 Qe6 47. g4 Qd5 48. Bf2 Kg6 49. Bg3 Kh7 50.
Bxe5 Qd7 51. h5 Qd8 52. Rc7 Qh4 53. Rxg7+ Kh8 54. Rg6+ Kh7 55. Bd4 Qe1+ 56. Kxe1 1/2-1/2

[Event "Early-Titled-Tuesday-Blitz-April-23-2024"]
[Site "Chess.com"]
[Date "2024.04.23"]
[Round "8"]
[White "Alenzer"]
[Black "InitiatingASC"]
[Result "1/2-1/2"]
[WhiteElo "2224"]
[BlackElo "2339"]
[TimeControl "180+1"]
[EndTime "9:33:08 PDT"]
[Termination "Game drawn - timeout vs insufficient material"]

1. e4 c5 2. Nf3 Nc6 3. d4 cxd4 4. Nxd4 Nf6 5. Nc3 e5 6. Ndb5 h6 7. Nd6+ Bxd6 8. Qxd6 Qe7 9. Nb5 Qxd6 10. Nxd6+ Ke7 11. Nxc8+ Rhxc8 12. Bd3 Nd4 13. Kd1 d5 14. f3 dxe4 15.
fxe4 Ng4 16. Rf1 Nxh2 17. Re1 Rc6 18. Be3 Rd8 19. Kd2 Nxc2 20. Bg1 Nxe1 21. Rxe1 Ng4 22. Ke2 a6 23. b4 Ke8 24. a4 Rc3 25. Rd1 Nf6 26. Bc5 Rb3 27. Rd2 Rbxd3 28. Rxd3 Rxd3 29. Kxd3 Kd7 30. b5 axb5 31. axb5 Ke6 32. Bf8 Ne8 33. g4 f6 34. Kc4 Kd7 35. Kc5 Kc7 36. b6+ Kd7 37.
Kd5 g6 38. Bxh6 Ke7 39. Be3 Kf7 40. Bc5 Ng7 41. Kd6 Ne6 42. Be3 Nd4 43. Kc7 Ke6 44. Kxb7 Nb5 45. Kc6 Nd6 46. b7 Nxb7 47. Kxb7 f5 48.
exf5+ gxf5 49. g5 f4 50. Bf2 e4 51. Kc6 e3 52. Bg1 Kf5 53. Kd5 Kxg5 54. Ke4 e2 55.
Bf2 Kg4 56. Be1 1/2-1/2

[Event "Early-Titled-Tuesday-Blitz-April-23-2024"]
[Site "Chess.com"]
[Date "2024.04.23"]
[Round "8"]
[White "JJDAREK"]
[Black "Happy1712Drummer"]
[Result "1-0"]
[WhiteElo "2360"]
[BlackElo "2497"]
[TimeControl "180+1"]
[EndTime "9:33:12 PDT"]
[Termination "JJDAREK won by resignation"]

1. d4 d5 2. c4 e6 3. Nf3 a6 4. g3 Nf6 5. Bg2 Bd6 6. O-O O-O 7. c5 Be7 8. Bf4 b6 9. cxb6 cxb6 10. Nc3 b5 11. Rc1 Bb7 12. Ne5 Nbd7 13. a4 b4 14.
Na2 Nxe5 15. Bxe5 Nd7 16. Bf4 Rc8 17. Qd2 Qb6 18. b3 Nb8 19. Bxb8 Rxb8 20. Rc2 Rfc8 21.
Rfc1 Bc6 22. e3 a5 23. Bf1 Rc7 24. Bb5 Rbc8 25. Bxc6 Rxc6 26. Rxc6 Rxc6 27. Rxc6 Qxc6 28. Qc1 Qb7 29. Qc2 g6 30. Nc1 Kg7 31. Nd3 Qa6 32. Kg2 Bd6 33. h4 h5 34. Kf1 e5 35. dxe5 Bxe5 36.
Kg2 Bc3 37. Nf4 Qc6 38. Kh2 Qd6 39. Qd3 d4 40. exd4 Bxd4 41. Kg2 Qc6+ 42. Qf3 Qc7 43. Qd5 Bc3 44. Nd3 Qb6 45. Nc5 Bf6 46. Ne4 Bb2 47. Nc5 Bd4 48. Nd7 Qa7 49. f4 Bc3 50. Kf3 Qc7 51. Ke4 Qd8 52. Ne5 Qe7 53. Kd3 Bxe5 54.
fxe5 Qe8 55. Qxa5 Qe6 56. Qxb4 Qf5+ 57. Qe4 Qh3 58. Qe3 Qf1+ 59. Kc3 Qa1+ 60. Kb4 Qc1 61. Qxc1 1-0

[Event "Early-Titled-Tuesday-Blitz-April-23-2024"]
[Site "Chess.com"]
[Date "2024.04.23"]
[Round "8"]
[White "Alexander_Donchenko"]
[Black "frederiksvane"]
[Result "0-1"]
[WhiteElo "2891"]
[BlackElo "3035"]
[TimeControl "180+1"]
[EndTime "9:33:14 PDT"]
[Termination "frederiksvane won by checkmate"]

1. Nf3 c6 2. b3 d5 3. Bb2 Bg4 4. d3 Nd7 5. Nbd2 e6 6. h3 Bh5 7.
g4 Bg6 8. Bg2 a5 9. a3 b5 10. e3 Rc8 11. Qe2 Ngf6 12. Nh4 Bd6 13. f4 Qe7 14. a4 bxa4 15. Rxa4 Ra8 16. O-O h6 17. Nxg6 fxg6 18. e4 Bb4 19. e5 Nh7 20. c3 Bc5+ 21. d4 Bb6 22. Ba3 Qf7 23. f5 Bd8 24. fxe6 Qxe6 25. Nf3 Nb6 26. Qd3 Nxa4 27. bxa4 Be7 28. Bxe7 Kxe7 29. Nh4 Nf8 30. c4 Rd8 31.
cxd5 cxd5 32. Rb1 Kf7 33. Rb7+ Kg8 34. Qb5 Kh7 35. Qxa5 Rd7 36. Rb6 Qe7 37. Qe1 Ne6 38. Nf3 Rf8 39. Qb1 Kg8 40. Qxg6 Nf4 41. Qc6 Rc7 42. Qb5 Rc1+ 43. Kh2 Nxg2 44. Kxg2 Rc2+ 45. Kg3 Rc3 46. Qxd5+ Kh8 47. Rb3 Rfxf3+ 48. Qxf3 Rxf3+ 49. Rxf3 Qb4 50. Rd3 Qc4 51. Re3 Qxd4 52. Kf3 Qd5+ 53. Kf4 Kg8 54. e6 Kf8 55. e7+ Ke8 56. Re4 g5+ 57.
Ke3 Qb3+ 58. Kd4 Qxh3 59. a5 Qa3 60. Re5 Qb4+ 61. Kd5 Qxg4 62. Kd6 Qb4+ 63. Ke6 Qc4+ 64. Kf5 g4 65. Kg6 g3 66. Rf5 Qg4+ 67. Kf6 g2 68.
Rd5 Qf4+ 69. Ke6 Qe4+ 70. Kf6 Qxd5 71. a6 g1=Q 72. a7 Qgg5# 0-1

[Event "Early-Titled-Tuesday-Blitz-April-23-2024"]
[Site "Chess.com"]
[Date "2024.04.23"]
[Round "8"]
[White "margarita_2703"]
[Black "doctorcristian"]
[Result "0-1"]
[WhiteElo "2295"]
[BlackElo "2578"]
[TimeControl "180+1"]
[EndTime "9:33:18 PDT"]
[Termination "doctorcristian won by resignation"]

1. e4 c6 2. d4 d5 3. e5 Bf5 4. Ne2 e6 5. Ng3 Bg6 6. h4 h5 7.
Bd3 Bxd3 8. Qxd3 Qa5+ 9. c3 Qa6 10. Qd1 g6 11. Ne2 c5 12. O-O Nc6 13. a3 c4 14. Nf4 Nge7 15. Qc2 Nf5 16. g3 Be7 17. Be3 O-O-O 18. Nd2 Na5 19. Rab1 Kb8 20. Kg2 Rc8 21. Nh3 Rc6 22. Bg5 Re8 23. Bxe7 Rxe7 24.
Nf4 Rb6 25. Kh3 Nb3 26. Rfe1 Qa4 27. Nxb3 cxb3 28. Qd2 Rc6 29. Ng2 Rc8 30. Ne3 Ng7 31. f3 Rec7 32. g4 Rh8 33. Kg3 a5 34. Rh1 Qe8 35.
Qf2 a4 36. Ng2 Rh7 37. Qe3 Qe7 38. Qg5 Kc8 39. Nf4 Kd8 40. gxh5 Nxh5+ 41. Nxh5 Rxh5 42. Qxe7+ Kxe7 43. Rbg1 Rc8 44. Kf4 Rch8 45. Rg4 Kd7 46. Rh3 Kc6 47. Kg3 Kb5 48. f4 R8h7 49. Rg5 Kc4 50. Kg4 R5h6 51. Rh2 Rh8 52. Kg3 Rh5 53. Kg4 Kd3 54. Kg3 Ke4 55. Kg4 R8h7 56. Kg3 Rh8 57. Kg4 Kd3 58. Kg3 b5 59. Kg4 R5h6 60. Kg3 Ra8 61. Kg4 b4 62. cxb4 Rc8 63. h5 gxh5+ 64. Rhxh5 Rxh5 65. Rxh5 Rc2 66. b5 Kxd4 67. b6 Rc6 68. Rh7 Rxb6 69. Rxf7 Ke4 70. Rc7 d4 71. Rc4 Ra6 72. Kg5 Kd5 73. Rc8 d3 74. Kf6 Ke4 75. f5 exf5+ 76. e6 f4 77. Kf7 f3 78. e7 Ra7 79. Kf8 Rxe7 80. Kxe7 d2 81. Rd8 f2 82. Rxd2 f1=Q 83. Rd6 Qb5 84. Re6+ Kd3 85. Kd6 Kc2 86. Rf6 Kxb2 87. Rf2+ 0-1